 Dungeon Crawl Stone Soup version 0.31-a0-325-g067879e3d3 (webtiles) character file.

Game seed: 7969954823433445310

109495 gyole the Spry (level 16, -7/86 HPs)
             Began as a Spriggan Hunter on July 18, 2023.
             Was a Priest of Jiyva.
             Mangled by a +5 dire flail of venom (16 damage)
             ... on level 2 of the Elven Halls.
             The game lasted 01:28:35 (28622 turns).

gyole the Spry (Spriggan Hunter)                   Turns: 28622, Time: 01:28:35

Health: -7/86      AC:  4    Str: 10    XL:     16   Next: 5%
Magic:  17/17      EV: 33    Int: 17    God:    Jiyva [***...]
Gold:   758        SH:  7    Dex: 20    Spells: 4/15 levels left

rFire   . . .        a - +7 hand crossbow (holy)
rCold   . . .        Q - +2 buckler
rNeg    . . .        P - melded +4 steam dragon scales
rPois   .            (helmet restricted)
rElec   .            (no cloak)
rCorr   +            (gloves unavailable)
SInv    +            (boots unavailable)
Will    +++..        r - amulet of faith
Stlth   +++++        s - +4 ring of protection
HPRegen 1.46/turn    d - ring of Compassion {Will+ Str+3}
MPRegen 0.50/turn

%: faith
@: maw-form, studying Dodging, very quick
A: devouring maw, very small, no large weapons, unfitting armour, see invisible,
speed 3
a: Begin Untransformation, Renounce Religion, Oozemancy


You were on level 2 of the Elven Halls.
You worshipped Jiyva.
Jiyva was most pleased with you.
You were a creature with a mouth for a stomach.
You visited 5 branches of the dungeon, and saw 25 of its levels.
You also visited: Sewer and Ice Cave.

You collected 2680 gold pieces.
You spent 1922 gold pieces at shops.

Inventory:

Hand Weapons
 a - a +7 hand crossbow of holy wrath (weapon)
 b - a +5 orcbow of freezing
 l - a +0 long sword of holy wrath
 z - a +2 antimagic orcbow
 T - a +0 quick blade
 U - a +1 arbalest of flaming
 Y - a +4 scimitar of flaming
Missiles
 h - 4 curare-tipped darts
Armour
 c - a +0 robe of willpower
 w - an orb of guile
 C - a +2 robe of positive energy
 H - a +2 robe of willpower
 M - +0 swamp dragon scales
 P - +4 steam dragon scales (melded)
 Q - a +2 buckler (worn)
 X - a +0 robe of cold resistance
Jewellery
 d - the ring of Compassion (right hand) {Will+ Str+3}
   (You took it off an orc on level 8 of the Dungeon)

   [ring of willpower]

   Str:       It affects your strength (+3).
   Will:      It increases your willpower.
 e - the ring of Nustryriu {Wiz Int+3}
   (You acquired it on level 3 of the Dungeon)

   [ring of wizardry]

   It improves your spell success rate.
   Int:       It affects your intelligence (+3).
 r - an amulet of faith (around neck)
 s - a +4 ring of protection (left hand)
 O - a ring of positive energy
 W - an amulet of the acrobat
Talismans
 E - a beast talisman
 J - a maw talisman
 L - a serpent talisman
Wands
 f - a wand of roots (9)
 p - a wand of paralysis (1)
 D - a wand of light (8)
Scrolls
 g - 6 scrolls of teleportation
 i - a scroll of butterflies
 j - a scroll of silence
 m - 3 scrolls of vulnerability
 n - a scroll of immolation
 o - 6 scrolls of fear
 y - 3 scrolls of poison
 G - 4 scrolls of blinking
 K - 4 scrolls of amnesia
 Z - 4 scrolls of identify
Potions
 k - 4 potions of heal wounds
 q - 2 potions of haste
 t - 7 potions of curing
 u - 6 potions of ambrosia
 v - a potion of berserk rage
 x - a potion of magic
 A - 3 potions of might
 B - 2 potions of cancellation
 F - 2 potions of resistance
 I - a potion of enlightenment
 N - 2 potions of invisibility
 R - 4 potions of brilliance
 S - 2 potions of lignification
 V - a potion of mutation


   Skills:
 + Level 10.4 Fighting
 + Level 3.3 Short Blades
 + Level 16.8 Ranged Weapons
 + Level 18.3 Dodging
 - Level 10.0 Stealth
 + Level 3.1 Shields
 + Level 1.0 Hexes
 * Level 1.1 Summonings
 - Level 5.3 Translocations
 + Level 14.3 Evocations
 + Level 11.6 Shapeshifting


You had 4 spell levels left.
You knew the following spells:

 Your Spells              Type           Power      Damage    Failure   Level
a - Apportation           Tloc           36%        N/A       4%          1
b - Blink                 Tloc           36%        N/A       6%          2
c - Passwall              Tmut/Erth      0%         N/A       45%         2
d - Portal Projectile     Hex/Tloc       20%        N/A       28%         3
e - Summon Guardian Gole  Hex/Summ       3%         N/A       54%         3

Your spell library contained the following spells:

 Spells                   Type           Power      Damage    Failure   Level
 Slow                     Hex            12%        N/A       22%         1
 Summon Small Mammal      Summ           16%        N/A       22%         1
 Call Imp                 Summ           8%         N/A       32%         2
 Magic Dart               Conj           0%         1d3       34%         1
 Necrotise                Necr           0%         1d4       34%         1
 Volatile Blastmotes      Fire/Tloc      18%        2d11      34%         3
 Manifold Assault         Tloc           18%        N/A       36%         4
 Ensorcelled Hibernation  Hex/Ice        2%         N/A       38%         2
 Sublimation of Blood     Necr           0%         N/A       45%         2
 Call Canine Familiar     Summ           4%         N/A       54%         3
 Confusing Touch          Hex            3%         N/A       54%         3
 Tukima's Dance           Hex            3%         N/A       54%         3
 Dazzling Flash           Conj/Hex       2%         N/A       63%         3
 Inner Flame              Hex/Fire       1%         N/A       63%         3
 Frozen Ramparts          Ice            0%         1d1       71%         3
 Hailstorm                Conj/Ice       0%         3d3       71%         3
 Mephitic Cloud           Conj/Pois/Air  0%         N/A       71%         3
 Ozocubu's Armour         Ice            0%         N/A       71%         3
 Swiftness                Air            0%         N/A       71%         3
 Vampiric Draining        Necr           0%         2d6       71%         3
 Iskenderun's Mystic Bla  Conj/Tloc      9%         2d4       75%         4
 Cause Fear               Hex            1%         N/A       91%         4
 Animate Armour           Summ/Erth      4%         N/A       95%         4
 Summon Ice Beast         Ice/Summ       2%         N/A       95%         4
 Summon Lightning Spire   Summ/Air       2%         N/A       95%         4
 Flame Wave               Conj/Fire      0%         2d4       98%         4
 Petrify                  Tmut/Erth      0%         N/A       98%         4
 Sticky Flame             Conj/Fire      0%         2d3       98%         4
 Agony                    Necr           0%         N/A       100%        5
 Fireball                 Conj/Fire      0%         3d3       100%        5
 Irradiate                Conj/Tmut      0%         3d11      100%        5
 Lee's Rapid Deconstruct  Erth           0%         3d4*      100%        5
 Metabolic Englaciation   Hex/Ice        0%         N/A       100%        5
 Simulacrum               Ice/Necr       0%         N/A       100%        6
 Starburst                Conj/Fire      0%         6d3       100%        6
 Orb of Destruction       Conj           0%         9d5       100%        7
 Spellforged Servitor     Conj/Summ      1%         N/A       100%        7
 Maxwell's Capacitive Co  Air            0%         ∞         100%        8
 Dragon's Call            Summ           2%         N/A       100%        9


Dungeon Overview and Level Annotations

Branches:
Dungeon (15/15)            Temple (1/1) D:5            Lair (5/5) D:8
  Swamp (0/4) Lair:3       Spider (0/4) Lair:2        Slime (0/5) Lair:5
    Orc (2/2) D:11            Elf (1/3) Orc:2        Vaults (0/5) D:14
 Depths (0/4) D:15          Sewer (visited)           IceCv (visited)

Altars:
Ashenzari
Cheibriados
Dithmenos
Elyvilon
Fedhas
Gozag
Hepliaklqana
Kikubaaqudgha
Makhleb
Nemelex Xobeh
Okawaru
Qazlal
Ru
Sif Muna
Trog
Uskayaw
Vehumet
Wu Jian
Xom
Yredelemnul
Zin
The Shining One
Jiyva

Shops:
D:3 (   D:13 *:   D:14 (   Orc:2 *[![*

Annotations:
D:15 3 runed translucent doors, lis82's ghost, journeyman DgAE
Lair:4 3 runed translucent doors, Alapn's ghost, journeyman KoEn
Lair:5 exclusion: obsidian statue


Innate Abilities, Weirdness & Mutations

You are a creature with a mouth for a stomach.
Your midsection houses a second, enormous mouth.
You are very small and have problems with some larger weapons.
You are too small for most types of armour.
You have supernaturally acute eyesight. (SInv)
You cover ground extremely quickly. (Speed+++)


Message History

The deep elf pyromancer casts a spell at you.
The bolt of fire hits the fire elemental.
The fire elemental completely resists.
The bolt of fire misses you.
The +1 hand axe of venom is engulfed in blazing flames.
The +1 hand axe of venom is engulfed in blazing flames.
Your surroundings seem slightly different.
The deep elf knight wields a +0 longbow.
The deep elf knight shoots an arrow.
The arrow completely misses you.
The +2 war axe of electrocution is engulfed in blazing flames.
The +1 hand axe of venom is engulfed in blazing flames.
Unknown command.
As you read the scroll of teleportation, it crumbles to dust.
You feel strangely unstable.
The +1 hand axe of venom barely misses you.
The deep elf knight shoots an arrow.
The arrow hits you! The +1 hand axe of venom hits you.
A deep elf pyromancer comes into view. It is wielding a +0 long sword.
The deep elf knight shoots an arrow.
The arrow closely misses you.
You hear a shout!
A deep elf zephyrmancer comes into view.
It is wielding a +0 long sword.
The deep elf knight shoots an arrow.
The arrow completely misses you.
Your surroundings suddenly seem different.
Jiyva will now mutate your body as you gain piety.
You can now call acidic ooze from nearby walls.
A deep elf zephyrmancer and a +5 dire flail of venom come into view.
Found 25 gold pieces.
The deep elf zephyrmancer shouts!
The deep elf zephyrmancer completely misses you.
You hear a slurping noise.
You open the door.
The deep elf zephyrmancer points at you and mumbles some strange words.
The bolt of lightning hits the +5 dire flail of venom.
The +5 dire flail of venom completely resists.
The bolt of lightning hits you!!
* * * LOW HITPOINT WARNING * * *
The +5 dire flail of venom hits you!!
* * * LOW HITPOINT WARNING * * *
You are lethally poisoned!
You feel better. The +5 dire flail of venom hits you!
You die...

####### ##.....##
##.......## #
#.......e.####...+
+........(W'...#
#..........###.#
#..........#
#..........#
#..........#
#..........+
#.........##
+........##
#.......##


You could see a deep elf zephyrmancer and a +5 dire flail of venom.

Vanquished Creatures
  Kirke (D:15)
  Agnes (D:15)
  An orc warlord (D:11)
  3 dire elephants (Lair:5)
  Snorg (Lair:3)
  A deep elf death mage (Elf:1)
  4 catoblepae
  2 ogre magi
  A boulder beetle (D:11)
  3 two-headed ogres (D:15)
  5 hydras
  4 tengu warriors
  7 death yaks
  2 dancing weapons (Elf:2)
  8 centaur warriors
  4 orc high priests (Orc:2)
  Sonja (D:10)
  Nergalle (Lair:1)
  A deep elf knight (Elf:2)
  2 skysharks
  A spectral death yak (Lair:5)
  5 skeletal warriors
  A spectral anaconda (Lair:5)
  5 necromancers
  A lindwurm (Lair:5)
  4 orc knights (Orc:2)
  5 deep elf pyromancers
  2 deep elf zephyrmancers
  Pikel (D:7)
  3 manticores
  5 orc sorcerers
  3 cyclopes
  6 ugly things
  18 elephants
  2 dire elephant zombies (Lair:5)
  Maurice (D:13)
  2 centaur zombies (D:15)
  3 ice statues (IceCv)
  2 black mambas
  12 cane toads
  A centaur skeleton (D:15)
  Maggie (D:10)
  An unseen horror (D:12)
  3 gargoyles
  An unseen horror (shapeshifter) (D:15)
  5 rime drakes
  A freezing wraith (D:15)
  3 kobold demonologists
  3 efreet (D:14)
  5 yaktaurs (D:14)
  A komodo dragon (shapeshifter) (D:15)
  9 komodo dragons
  3 meliai (D:14)
  A queen bee (D:14)
  7 trolls
  2 polar bears
  2 hornets
  Prince Ribbit (D:6)
  6 dream sheep (Lair:3)
  13 blink frogs
  A centaur simulacrum (D:15)
  15 slime creatures
  A meliai zombie (D:15)
  3 shadows
  Sigmund (D:2)
  A dire elephant simulacrum (IceCv)
  61 yaks
  3 vampires
  5 wyverns
  5 hogs (D:15)
  4 wraiths
  2 death yak simulacra
  A redback (Lair:2)
  2 steam dragons
  4 vampire mosquitoes (D:14)
  A basilisk (Lair:1)
  A harpy simulacrum (IceCv)
  A spectral cane toad (Lair:5)
  4 swamp worms (Lair:3)
  3 wargs
  12 water moccasins
  An acid dragon (D:13)
  A hydra simulacrum (IceCv)
  24 orc warriors
  Pargi (Sewer)
  A black bear (D:4)
  3 boggarts (D:14)
  19 wolves
  15 ogres
  A tengu (shapeshifter) (D:15)
  2 elephant skeletons (Lair:5)
  12 centaurs
  2 lemures (D:7)
  5 kobold brigands
  14 bullfrogs
  An earth elemental (Elf:1)
  3 gnoll sergeants
  4 scorpions
  2 cane toad simulacra (IceCv)
  11 wights
  4 elephant simulacra (Lair:5)
  18 killer bees
  5 howler monkeys
  A jelly (D:6)
  18 orc priests
  3 hounds
  3 sleepcaps
  Natasha (D:3)
  3 iguanas
  23 orc wizards
  2 polar bear simulacra (IceCv)
  15 gnolls
  14 adders
  A white imp (D:7)
  A worm (D:2)
  2 dart slugs
  73 orcs
  6 ball pythons
  5 bats
  5 endoplasms
  A giant cockroach (D:4)
  14 goblins
  7 hobgoblins
  5 jackals
  17 kobolds
  4 quokkas
  A frilled lizard (D:1)
  4 rats
713 creatures vanquished.

Vanquished Creatures (others)
  A warg (Orc:2)
  6 jellies (Lair:5)
7 creatures vanquished.

Grand Total: 720 creatures vanquished

Notes
Turn   | Place    | Note
-------+----------+-------------------------------------------
     0 | D:1      | gyole the Spriggan Hunter began the quest for the Orb.
     0 | D:1      | Reached XP level 1. HP: 10/10 MP: 2/2
   213 | D:1      | Reached XP level 2. HP: 15/15 MP: 3/3
   224 | D:1      | Reached skill level 3 in Dodging
   716 | D:2      | Reached XP level 3. HP: 16/18 MP: 4/4
   748 | D:2      | Noticed Sigmund
  1187 | D:3      | Identified a scroll of acquirement
  1189 | D:3      | Acquired the ring of Nustryriu {Wiz Int+3}
  1278 | D:3      | Found Pohiuw's Antique Weapon Shop.
  1296 | D:3      | Reached XP level 4. HP: 23/23 MP: 5/5
  1355 | D:3      | Found a glowing drain.
  1367 | Sewer    | Entered a sewer
  1395 | Sewer    | Noticed Pargi
  1416 | Sewer    | Killed Pargi
  1417 | Sewer    | Reached skill level 5 in Ranged Weapons
  1417 | Sewer    | Reached skill level 4 in Dodging
  1417 | Sewer    | Reached XP level 5. HP: 19/27 MP: 4/6
  1705 | D:3      | Noticed Natasha
  1710 | D:3      | Killed Natasha
  1831 | D:3      | Bought a glowing hand crossbow for 182 gold pieces
  2092 | D:4      | Found a shimmering altar of Xom.
  2104 | D:4      | Reached XP level 6. HP: 32/32 MP: 7/7
  2412 | D:4      | Found a broken altar of Ashenzari.
  2778 | D:5      | Entered Level 5 of the Dungeon
  2795 | D:4      | Reached skill level 5 in Stealth
  2848 | D:5      | Reached skill level 5 in Dodging
  2855 | D:5      | Reached XP level 7. HP: 34/36 MP: 6/8
  2909 | D:5      | Found a sparkling altar of Nemelex Xobeh.
  2909 | D:5      | Found a bloodstained altar of Trog.
  3113 | D:5      | Found a staircase to the Ecumenical Temple.
  3138 | Temple   | Entered the Ecumenical Temple
  3194 | Temple   | Became a worshipper of Elyvilon the Healer
  3524 | D:5      | Found an ancient bone altar of Kikubaaqudgha.
  3617 | D:5      | Found a burning altar of Makhleb.
  3758 | D:6      | Reached * piety under Elyvilon
  3760 | D:6      | Found an opulent altar of Gozag.
  4008 | D:6      | Noticed Prince Ribbit
  4153 | D:6      | Reached skill level 1 in Evocations
  4383 | D:6      | Reached XP level 8. HP: 42/42 MP: 9/9
  4391 | D:6      | Reached skill level 6 in Dodging
  5076 | D:7      | Noticed Pikel
  5099 | D:7      | Noticed a +0 hand axe
  5099 | D:7      | Noticed a +0 dagger
  5287 | D:7      | Reached ** piety under Elyvilon
  5408 | D:7      | Found a hide-covered altar of Uskayaw.
  5417 | D:7      | Found a shadowy altar of Dithmenos.
  5550 | D:7      | Killed Pikel
  5551 | D:7      | Reached skill level 7 in Dodging
  5551 | D:7      | Reached XP level 9. HP: 46/46 MP: 10/10
  6104 | D:8      | Found a staircase to the Lair.
  6393 | D:8      | Reached skill level 5 in Fighting
  6393 | D:8      | Reached skill level 5 in Evocations
  6576 | D:8      | Reached *** piety under Elyvilon
  6584 | D:8      | Found a basalt altar of Yredelemnul.
  6641 | D:8      | Reached skill level 8 in Dodging
  6642 | D:8      | Identified the ring of Compassion {Will+ Str+3}
  7181 | D:9      | Reached XP level 10. HP: 33/50 MP: 11/11
  7347 | D:9      | Noticed a centaur warrior
  7352 | D:9      | Killed a centaur warrior
  7378 | D:9      | Reached skill level 10 in Ranged Weapons
  7469 | D:9      | Reached skill level 10 in Stealth
  7521 | D:9      | Reached **** piety under Elyvilon
  7745 | D:9      | Reached skill level 1 in Shapeshifting
  7751 | D:9      | Reached skill level 9 in Dodging
  7834 | D:9      | Noticed an orange demon
  8219 | D:10     | Entered Level 10 of the Dungeon
  8266 | D:10     | Noticed Sonja
  8272 | D:10     | Killed Sonja
  8538 | D:10     | Noticed Maggie
  8550 | D:10     | Killed Maggie
  8889 | D:10     | Reached ***** piety under Elyvilon
  8927 | D:10     | Reached XP level 11. HP: 56/56 MP: 12/12
  9547 | D:11     | Reached skill level 5 in Shapeshifting
  9569 | D:11     | Reached skill level 10 in Dodging
  9689 | D:11     | Noticed a boulder beetle
  9702 | D:11     | Killed a boulder beetle
 10059 | D:11     | Found a staircase to the Orcish Mines.
 10892 | D:12     | Noticed a skeletal warrior
 10895 | D:12     | Noticed a skeletal warrior
 10896 | D:12     | Noticed a skeletal warrior
 10897 | D:12     | Noticed a skeletal warrior
 10939 | D:11     | Killed a skeletal warrior
 11083 | D:12     | Reached ****** piety under Elyvilon
 11236 | D:12     | Reached XP level 12. HP: 40/63 MP: 13/13
 11757 | D:11     | Reached skill level 11 in Dodging
 12265 | D:12     | Found a faded altar of an unknown god.
 12269 | D:12     | Found a hazy altar of Hepliaklqana.
 12569 | Lair:1   | Entered Level 1 of the Lair of Beasts
 13543 | Lair:1   | Reached skill level 10 in Evocations
 13760 | Lair:1   | Noticed Nergalle
 13764 | Lair:1   | Killed Nergalle
 14173 | Lair:2   | Reached skill level 12 in Dodging
 14346 | Lair:2   | Reached XP level 13. HP: 68/68 MP: 14/14
 14975 | D:13     | Reached skill level 10 in Shapeshifting
 14987 | D:13     | Acquired a manual of Dodging
 15194 | D:2      | Killed Sigmund
 15292 | D:6      | Killed Prince Ribbit
 15442 | D:13     | Noticed Maurice
 15452 | D:13     | Killed Maurice
 15531 | D:13     | Found Enizxemom's Book Shop.
 15735 | D:13     | Found Jobeag's General Store.
 15743 | D:13     | Bought a potion of lignification for 57 gold pieces
 15743 | D:13     | Bought a +0 quick blade for 285 gold pieces
 16727 | Lair:2   | Found a hole to the Spider Nest.
 17115 | Lair:3   | Found a broken altar of Ashenzari.
 17124 | Lair:3   | Reached skill level 13 in Dodging
 17592 | Lair:3   | Reached skill level 14 in Dodging
 17642 | Lair:3   | Found a frozen archway.
 17652 | IceCv    | Entered an ice cave
 17984 | IceCv    | Identified the staff of the Depths {*Slow rF+++ rN+ Str+4
                  | Dex+3 Necro}
 18138 | Lair:3   | Reached XP level 14. HP: 74/74 MP: 15/15
 18157 | Lair:3   | Found a staircase to the Swamp.
 18492 | Lair:3   | Noticed Snorg
 18496 | Lair:3   | Killed Snorg
 18961 | Lair:4   | Found a runed translucent gate.
 18962 | Lair:4   | Found a runed translucent gate.
 18962 | Lair:4   | Noticed Alapn's ghost (journeyman KoEn)
 18963 | Lair:4   | Found a runed translucent gate.
 19045 | Lair:4   | Reached skill level 15 in Dodging
 19068 | Lair:4   | Reached skill level 15 in Ranged Weapons
 19647 | Lair:5   | Entered Level 5 of the Lair of Beasts
 19673 | Lair:5   | Found a viscous altar of Jiyva.
 19673 | Lair:5   | Found a staircase to the Slime Pits.
 19997 | Temple   | Fell from the grace of Elyvilon
 19997 | Temple   | Became a worshipper of the Shining One
 19997 | Temple   | Reached * piety under the Shining One
 19997 | Temple   | Reached ** piety under the Shining One
 19997 | Temple   | Reached *** piety under the Shining One
 19997 | Temple   | Reached **** piety under the Shining One
 20195 | Orc:1    | Entered Level 1 of the Orcish Mines
 20239 | Orc:1    | Noticed an orc warlord
 20274 | D:11     | Killed an orc warlord
 20325 | Orc:1    | Found a bloodstained altar of Trog.
 20511 | Orc:2    | Entered Level 2 of the Orcish Mines
 20787 | Orc:2    | Found Baed's Assorted Antiques.
 20790 | Orc:2    | Bought a scroll labelled JAVODAHURAU for 30 gold pieces
 21011 | Orc:2    | Reached skill level 16 in Dodging
 21065 | Orc:2    | Reached ***** piety under the Shining One
 21371 | Orc:2    | Found Tesyl's Antique Armour Shoppe.
 21371 | Orc:2    | Found Efrunt's Assorted Antiques.
 21373 | Orc:2    | Found Gafuoc's Armour Shoppe.
 21373 | Orc:2    | Found Uvveesodoc's Distillery.
 21383 | Orc:2    | Bought a potion of ambrosia for 104 gold pieces
 21518 | Orc:2    | Found a staircase to the Elven Halls.
 21704 | Orc:2    | Bought a shiny orb for 264 gold pieces
 22045 | Orc:2    | Bought a +2 buckler for 280 gold pieces
 23045 | D:14     | Found a gate to the Vaults.
 23156 | D:14     | Found Feloc's Weapon Boutique.
 23339 | D:14     | Reached XP level 15. HP: 71/80 MP: 16/16
 23621 | D:14     | Reached skill level 17 in Dodging
 24151 | D:15     | Entered Level 15 of the Dungeon
 24196 | D:15     | Identified the +0 quarterstaff of Tinonk {heavy, Str+3
                  | Dex+4}
 24234 | D:15     | Noticed Agnes
 24242 | D:15     | Killed Agnes
 24243 | D:15     | Reached skill level 10 in Fighting
 24399 | D:15     | Found a blossoming altar of Fedhas.
 24488 | D:15     | Found a runed translucent gate.
 24489 | D:15     | Found a runed translucent gate.
 24490 | D:15     | Found a runed translucent gate.
 24491 | D:15     | Found an iron altar of Okawaru.
 24491 | D:15     | Reached ****** piety under the Shining One
 24491 | D:15     | Noticed lis82's ghost (journeyman DgAE)
 24546 | D:15     | Identified a +7 hand crossbow of holy wrath (a +5 hand
                  | crossbow of draining blessed by the Shining One)
 24546 | D:15     | Received a gift from the Shining One
 24590 | D:15     | Reached skill level 1 in Short Blades
 24806 | Lair:5   | Fell from the grace of the Shining One
 24806 | Lair:5   | Became a worshipper of Jiyva Juserchu the Shapeless
 24886 | Lair:5   | Reached skill level 1 in Shields
 25123 | D:13     | Bought a book of Cantrips for 180 gold pieces
 25125 | D:13     | Learned a level 1 spell: Apportation
 25125 | D:13     | Bought a book of Burglary for 300 gold pieces
 25125 | D:13     | Bought an Inescapable Atlas for 240 gold pieces
 25128 | D:13     | Learned a level 2 spell: Blink
 25131 | D:13     | Learned a level 2 spell: Passwall
 25368 | Lair:5   | Reached skill level 1 in Translocations
 26555 | Lair:5   | Reached skill level 18 in Dodging
 27329 | D:15     | Reached skill level 5 in Translocations
 27337 | D:15     | Found a staircase to the Depths.
 27362 | D:15     | Reached * piety under Jiyva
 27582 | D:15     | Reached ** piety under Jiyva
 27616 | D:15     | Noticed Kirke
 27644 | D:15     | Killed Kirke
 27874 | D:15     | Learned a level 3 spell: Portal Projectile
 27878 | D:15     | Learned a level 3 spell: Summon Guardian Golem
 27985 | Elf:1    | Entered Level 1 of the Elven Halls
 28337 | Elf:1    | Reached XP level 16. HP: 86/86 MP: 17/17
 28349 | Elf:1    | You fall into a shaft and drop 1 floor!
 28408 | Elf:2    | Reached skill level 1 in Summonings
 28462 | Elf:2    | Reached skill level 1 in Hexes
 28612 | Elf:2    | Reached *** piety under Jiyva
 28621 | Elf:2    | HP: 1/86 [+5 dire flail of venom (19)]
 28622 | Elf:2    | Mangled by a +5 dire flail of venom

Illustrated notes

Levels and vault maps discovered:
D:1:      dpeg_arrival_fog, layout_loops_cross
D:2:      layout_rooms, serial_bayou_lake_a, uniq_sigmund
D:3:      layout_basic, portal_sewer_entry_b, serial_shops,
          nicolae_diamond_shop, minmay_misc_feat_tiny, uniq_natasha
D:4:      layout_loops_ring, ashenzari_conservatory_becter, xom_confusion_cloud,
          minmay_goblin_kobold_house
D:5:      layout_basic, lemuel_coloured_pillars_altar,
          gammafunk_temple_overflow_statue, lemuel_crystal_altar, temple_pool_b
D:6:      layout_loops_ring, nicolae_gozag_seed_capital, grunt_ministairs_3,
          uniq_prince_ribbit1
D:7:      layout_loops_ring, dancing_weapons_uskayaw,
          mainiacjoe_overflow_chevrons, roderic_malta_cross, uniq_pikel
D:8:      layout_layer_cave, general_overflow_altar, lair_entry_dummy,
          st_stairs_10
D:9:      layout_basic, nicolae_eternal_life, nrook_mini_backslash
D:10:     layout_grid_maze, uniq_sonja, uniq_maggie
D:11:     layout_loops_corners, orc_0_dummy
D:12:     layout_gridville, beargit_hepliaklqana_dungeon_heroes
D:13:     layout_basic, serial_shops, shop_fountains, shop,
          roderic_serpentine_path, uniq_maurice
D:14:     layout_long_grid, hangedman_vaults_entry_quadrant_bands,
          nicolae_twisting_strands, serial_shops, shop, minivault_7
D:15:     grunt_enter_depths_magical_seal, layout_basic, fedhas_altar_1,
          gammafunk_ghost_fury_of_okawaru, uniq_kirke, uniq_agnes
Temple:   hellmonk_temple_forest_ring
Lair:1:   wander_river, layout_big_grid, uniq_nergalle
Lair:2:   layout_regular_city, spider_nest_entry_webs, st_stairs_11,
          grunt_megastairs_1
Lair:3:   layout_roguey, palyth_hydra_swamp_entry,
          portal_ice_cave_entry_pillars_2, basic_altar, uniq_snorg
Lair:4:   layout_cave_shapes, gammafunk_ghost_split, nicolae_lair_yak_garden
Lair:5:   due_jungle_book, layout_concentric_octagons, slime_entry_1,
          grunt_megastairs_2
Orc:1:    layout_caves, basic_altar, mines2_lemuel
Orc:2:    grunt_orc_tribal_feast, layout_caves, serial_shops,
          nicolae_shop_real_fake_doors
Elf:1:    layout_loops_corners, hangedman_elf_represent, nicolae_elf_altarnating
Elf:2:    elven_hall_of_blades_hangedman_original [mumra_blade_entry_bloodbath],
          layout_gridlike

Skill      XL: |  1  2  3  4  5  6  7  8  9 10 11 12 13 14 15 16 |
---------------+-------------------------------------------------+-----
Stealth        | 2 3 4 5 6 8 9 10 | 10.0
Dodging        | 3 4 5 7 8 9 10 12 14 16 18 | 18.3
Fighting       | 2 3 4 5 6 7 8 9 10 | 10.4
Ranged Weapons | 5 6 7 8 9 10 12 13 14 16 | 16.8
Evocations     | 1 4 5 7 8 10 12 13 14 | 14.3
Shapeshifting  | 4 7 9 10 11 | 11.6
Short Blades   | 3 |  3.3
Shields        | 3 |  3.1
Translocations | 5 |  5.3
Summonings     | 1 |  1.1
Hexes          | 1 |  1.0

Action                     |  1- 3 |  4- 6 |  7- 9 | 10-12 | 13-15 | 16-18 || total
---------------------------+-------+-------+-------+-------+-------+-------++-------
  Melee: Quick blade       |       |       |       |       |     2 |       ||     2
         Maw               |       |       |       |       |     1 |       ||     1
   Fire: Shortbow          |    90 |    56 |   236 |       |       |       ||   382
         Hand crossbow     |       |    67 |    19 |       |   289 |    20 ||   395
         Orcbow            |       |       |   276 |   768 |   542 |       ||  1586
         Arbalest          |       |       |       |       |   694 |       ||   694
  Throw: Dart              |       |     6 |     2 |    17 |     8 |       ||    33
   Cast: Apportation       |       |       |       |       |     9 |       ||     9
 Invoke: Brand Weapon With |       |       |       |       |     1 |       ||     1
  Evoke: Wand              |       |       |     4 |    12 |     7 |     2 ||    25
    Use: Scroll            |     5 |     3 |    10 |    11 |    10 |     2 ||    41
         Potion            |       |       |       |       |     1 |     1 ||     2
 Armour: Robe              |     4 |    11 |    24 |       |       |       ||    39
         Steam dragon scal |       |       |    20 |    38 |    73 |       ||   131
         Skin              |       |       |       |       |    15 |     1 ||    16
  Dodge: Dodged            |    19 |    40 |   253 |   370 |   669 |    12 ||  1363
  Block: Buckler           |       |       |       |       |    14 |     1 ||    15
   Form: Beast             |       |       |       |     1 |     1 |       ||     2
         Maw               |       |       |       |       |     2 |       ||     2

Table legend: (Time is in decaauts)
 A = Elapsed time spent in this place.
 B = Non-inter-level travel time spent in this place.
 C = Inter-level travel time spent in this place.
 D = Time resting spent in this place.
 E = Time spent auto-exploring this place.
 F = Levels seen in this place.
 G = Mean time per level.
                   A        B        C        D        E       F      G
               +--------+--------+--------+--------+--------+-----+--------+
         Total |  21302 |  18733 |   2569 |   3111 |   9737 |  27 |  789.0 |
       Dungeon |  13968 |  12197 |   1771 |   1670 |   7141 |  15 |  931.2 |
        Temple |    101 |     18 |     83 |      0 |      0 |   1 |  101.0 |
          Lair |   4699 |   4183 |    516 |    497 |   2038 |   5 |  939.8 |
  Orcish Mines |   1760 |   1563 |    197 |    579 |    456 |   2 |  880.0 |
   Elven Halls |    343 |    343 |      0 |    165 |     66 |   2 |  171.5 |
         Sewer |    132 |    132 |      0 |     33 |     35 |   1 |  132.0 |
      Ice Cave |    297 |    297 |      0 |    166 |      0 |   1 |  297.0 |
               +--------+--------+--------+--------+--------+-----+--------+

Top non-repeatable levels by time:
    D:11: 1641 daAuts
  Lair:5: 1575 daAuts
     D:8: 1548 daAuts
    D:13: 1216 daAuts
    D:14: 1213 daAuts
    D:12: 1169 daAuts
    D:10: 1025 daAuts
   Orc:2: 973 daAuts
     D:6: 958 daAuts
     D:9: 934 daAuts
     D:7: 932 daAuts
  Lair:2: 887 daAuts
  Lair:3: 867 daAuts
    D:15: 819 daAuts
   Orc:1: 787 daAuts
